Map: Dusk Towers

Players

DesWhale - Winner!

  • Race: Zerg Zerg
  • League: Gold

LilDicky

  • Race: Terran Terran
  • League: Diamond

VOD

http://www.twitch.tv/tumescentpie

Description

Time

  • Played on: Dec. 27, 2015, 1:05 a.m.
  • Length: 12:18
Show
View Real Time Build Order
Export as new Build Order

DesWhale Zerg - Winner!

Build Orders: Hatch First, Lurkers 

Get SALT Encoding   

  12  0:01  Drone  
  13  0:13  Overlord  
  13  0:21  Drone  
  14  0:32  Drone x2  
  16  0:52  Hatchery  
  16  0:53  Drone  
  16  0:57  Drone  
  17  1:12  Spawning Pool  
  17  1:16  Drone, Extractor  
  16  1:22  Drone  
  16  1:23  Drone  
  18  1:29  Drone  
  19  1:40  Overlord  
  19  1:55  Drone  
  19  1:59  Queen  
  22  2:02  Zergling x2  
  22  2:04  Queen  
  22  2:08  Drone  
  26  2:12  Drone  
  27  2:16  Metabolic Boost  
  27  2:19  Drone  
  28  2:23  Zergling x2  
  28  2:26  Drone  
  30  2:38  Queen  
  30  2:40  Queen  
  34  2:45  Drone x2  
  34  2:49  Extractor  
  34  2:50  Overlord  
  35  2:53  Overlord  
  35  3:02  Drone  
  35  3:21  Overlord  
  35  3:22  Overlord  
  35  3:25  Drone x2  
  35  3:26  Drone  
  38  3:32  Extractor  
  37  3:38  Zergling x2  
  37  3:39  Zergling x4  
  40  3:51  Drone x4  
  40  3:54  Lair  
  44  4:02  Zergling x8  
  48  4:03  Zergling x4  
  48  4:05  Evolution Chamber  
  48  4:08  Evolution Chamber  
  47  4:13  Zergling x4  
  45  4:34  Zerg Missile Weapons Level 1  
  45  4:35  Zerg Ground Armor Level 1  
  45  4:37  Roach Warren  
  40  4:54  Hatchery  
  39  5:02  Drone x4  
  39  5:03  Baneling Nest  
  39  5:06  Drone  
  43  5:14  Drone x3  
  46  5:30  Drone x2  
  46  5:31  Drone x2  
  50  5:41  Hydralisk Den  
  49  5:45  Drone x3  
  49  5:49  Baneling x4  
  52  5:56  Overlord x3  
  52  5:58  Overseer  
  52  6:07  Queen  
  52  6:08  Drone x3  
  52  6:09  Drone  
  58  6:13  Overlord x2  
  58  6:16  Zergling x2  
  58  6:17  Zergling x4  
  60  6:25  Zergling x2  
  60  6:26  Zergling x4  
  60  6:31  Spine Crawler, Zergling x2  
  60  6:32  Zergling x4  
  65  6:40  Zergling x6  
  67  6:52  Zergling x4  
  67  6:53  Zergling x6  
  64  7:03  Zergling x10  
  64  7:04  Zergling x6  
  64  7:07  Lurker Den  
  72  7:12  Drone  
  72  7:13  Drone  
  74  7:20  Centrifical Hooks  
  74  7:23  Zerg Melee Weapons Level 1  
  74  7:24  Overlord x2  
  74  7:32  Zerg Ground Armor Level 2  
  74  7:34  Drone x5  
  79  7:39  Drone x5  
  84  7:50  Extractor  
  83  7:52  Zergling x12  
  83  7:54  Baneling  
  83  7:55  Baneling x3  
  83  7:57  Baneling  
  83  7:58  Baneling x6  
  88  7:59  Baneling x4  
  82  8:17  Drone x2  
  82  8:18  Drone x3  
  85  8:20  Hydralisk x6  
  85  8:21  Extractor  
  85  8:24  Overlord  
  88  9:00  Lurker x2  
  88  9:01  Hatchery, Lurker  
  90  9:05  Lurker x2  
  90  9:08  Zergling x18  
  101  9:14  Hatchery  
  100  9:41  Hatchery, Lurker  
  100  9:44  Zergling x2  
  100  9:45  Zergling x24  
  113  9:49  Extractor  
  94  10:29  Hydralisk x9  
  94  10:30  Hydralisk x3, Roach x2  
  94  10:31  Roach x2  
  108  10:58  Hydralisk x6  
  113  11:16  Hydralisk x2  
  113  11:17  Roach x2  
  73  11:49  Drone x2  
  73  11:50  Drone x7  
  67  12:06  Drone x4  
Show
View Real Time Build Order
Export as new Build Order

LilDicky Terran 

Build Orders: MMM Bio 

Get SALT Encoding   

  12  0:01  SCV  
  13  0:13  SCV  
  14  0:17  Supply Depot  
  14  0:25  SCV  
  15  0:39  SCV  
  16  0:43  Barracks  
  16  0:54  SCV  
  17  1:07  SCV  
  18  1:20  SCV  
  19  1:31  Marine  
  19  1:32  Supply Depot  
  21  1:34  Orbital Command  
  20  1:43  Command Center  
  20  1:48  Marine  
  21  2:03  Barracks  
  21  2:06  Marine  
  21  2:07  SCV  
  23  2:08  Barracks  
  23  2:19  SCV  
  24  2:28  Marine  
  25  2:34  SCV  
  26  2:40  Barracks  
  26  2:41  Barracks  
  26  2:46  SCV, Marine  
  28  2:53  Marine  
  28  2:56  Marine  
  30  3:00  Orbital Command  
  30  3:02  SCV  
  30  3:04  Marine  
  32  3:11  Marine  
  33  3:14  SCV  
  33  3:19  Marine  
  35  3:22  Marine  
  35  3:26  SCV, Marine  
  38  3:27  SCV  
  38  3:29  Marine x2  
  41  3:37  Marine  
  41  3:38  SCV  
  41  3:40  Marine  
  44  3:46  SCV  
  44  3:47  Marine  
  46  3:51  Command Center  
  46  4:09  Marine  
  46  4:19  Marine  
  46  4:25  Marine  
  46  4:28  Marine x2  
  46  4:29  SCV, Marine  
  46  4:30  SCV  
  46  4:34  Barracks  
  46  4:35  Barracks  
  46  4:37  Barracks  
  46  4:38  Barracks  
  46  4:43  Supply Depot, SCV  
  46  4:44  Supply Depot, Marine x2  
  45  4:46  Marine x2  
  45  4:47  Marine  
  43  4:59  SCV  
  44  5:02  SCV, Marine x2  
  44  5:03  Refinery x2, Marine  
  44  5:04  Marine, Orbital Command  
  44  5:05  Marine  
  50  5:15  Supply Depot  
  50  5:19  Supply Depot, Marine  
  50  5:20  SCV x2, Marine  
  54  5:25  Refinery x2  
  54  5:32  SCV, Marine  
  54  5:33  Marine x5  
  54  5:34  SCV  
  62  5:44  SCV  
  62  5:47  Marine  
  64  5:50  Barracks Tech Lab  
  64  5:51  Supply Depot x2  
  64  5:52  Barracks Tech Lab  
  64  5:53  Barracks Reactor, Marine  
  64  5:54  Marine x2  
  64  5:55  Marine  
  68  5:58  Marine  
  69  6:05  Marine  
  69  6:10  Marine x2  
  72  6:11  Marine x2  
  72  6:12  SCV, Marine  
  72  6:13  SCV, Marine  
  72  6:16  SCV, Marine  
  80  6:22  Combat Shields, Stimpack  
  80  6:23  Marine  
  81  6:28  Factory, Marine  
  81  6:29  Marine  
  81  6:31  Supply Depot  
  62  6:54  Marine x6  
  62  6:55  Marine x4  
  68  7:08  Engineering Bay  
  68  7:10  SCV  
  68  7:11  SCV x2, Engineering Bay  
  68  7:12  Marine x4  
  75  7:16  Marine x3  
  75  7:17  Marine x2  
  75  7:19  Factory Reactor  
  80  7:23  SCV x2  
  80  7:26  Starport, Marine  
  80  7:29  Marine x2  
  83  7:32  Supply Depot  
  83  7:33  SCV  
  83  7:36  SCV  
  87  7:38  Marine x2  
  87  7:42  SCV  
  77  8:17  Marine x2  
  77  8:18  Marine x4  
  79  8:23  Terran Infantry Weapons Level 1, Terran Infantry Armor Level 1  
  79  8:28  Armory  
  79  8:38  Command Center  
  56  8:41  Marine x4  
  56  8:42  Marine x5  
  56  8:43  Marine  
  56  8:48  Medivac x2  
  70  8:49  SCV  
  70  8:51  SCV x2  
  73  8:59  Marine x5  
  73  9:00  Marine x3  
  73  9:01  SCV, Marine  
  83  9:03  SCV x2  
  83  9:09  Barracks, Marine  
  86  9:11  Barracks  
  86  9:12  Barracks  
  86  9:13  SCV  
  86  9:15  SCV  
  88  9:17  Marine x3  
  88  9:18  Medivac x2, Marine  
  88  9:19  Marauder, Marine  
  99  9:27  Marine x2, Marauder  
  99  9:28  Marine  
  104  9:34  Marine  
  105  9:39  Marine  
  105  9:40  Marine x4  
  105  9:45  Marine x2  
  111  9:46  Marine  
  111  9:48  Marine  
  111  9:50  Planetary Fortress  
  111  9:52  Missile Turret, Marine  
  114  9:55  Missile Turret  
  114  9:57  Marine x2  
  114  9:58  Marine x3  
  120  10:03  Marine x3  
  120  10:06  Marine  
  111  10:27  Marine x2  
  105  10:44  Widow Mine  
  105  10:46  Medivac  
  105  10:47  Marine x2, Medivac  
  85  10:57  Marine x2  
  85  10:58  Marine x5  
  85  11:00  Marine  
  88  11:04  Liberator x2  
  88  11:05  Marine x2  
  90  11:15  Marine x2  
  90  11:16  Marine x2  
  86  11:22  Marine x3  
  86  11:23  Marine  
Tags
 
Add a new tag
Caveats
  • Supply blocks, unpowered buildings, or Contaminate may cause inaccurate times.
  • Supply counts are checked every 10 seconds.